 Dungeon Crawl Stone Soup version 0.32-a0-132-g2d33c3cfaf (webtiles) character file.

Game seed: 9870077990962946721

134 Bravepunisher the Ducker (level 4, 0/24 HPs)
             Began as a Spriggan Monk on Feb 9, 2024.
             Was a Believer of Okawaru.
             Slain by an adder (2 damage)
             ... in a sewer.
             The game lasted 00:05:47 (1226 turns).

Bravepunisher the Ducker (Spriggan Monk)            Turns: 1226, Time: 00:05:48

Health: 0/24       AC:  3    Str:  7    XL:     4   Next: 95%
Magic:  7/7        EV: 19    Int: 14    God:    Okawaru [**....]
Gold:   38         SH:  0    Dex: 19    Spells: 3/3 levels left

rFire   . . .        a - +0 short sword
rCold   + . .        (no shield)
rNeg    . . .        h - +1 robe of Ethereal Wonder {rC+ Int+3}
rPois   .            (helmet restricted)
rElec   .            (no cloak)
rCorr   .            (gloves unavailable)
SInv    +            (boots unavailable)
Will    .....        (no amulet)
Stlth   ++           (no ring)
HPRegen 0.24/turn    (no ring)
MPRegen 0.10/turn

%: no passive effects
@: lethally poisoned (0 -> -1), very quick
A: very small, no large weapons, unfitting armour, see invisible, speed 3
a: Renounce Religion, Heroism


You were in a sewer.
You worshipped Okawaru.
Okawaru was pleased with you.
You visited 2 branches of the dungeon, and saw 7 of its levels.
You also visited: Sewer.

You collected 38 gold pieces.

Inventory:

Hand Weapons
 a - a +0 short sword (weapon)
Armour
 b - a +0 robe
 h - the +1 robe of Ethereal Wonder (worn) {rC+ Int+3}
   (You found it on level 3 of the Dungeon)

   Int+3:     It affects your intelligence (+3).
   rC+:       It protects you from cold.
Scrolls
 d - 2 scrolls of identify {unknown}
 e - a scroll of poison {unknown}
 f - a scroll of noise {unknown}
 g - a scroll of teleportation {unknown}


   Skills:
 + Level 3.3 Fighting
 + Level 3.5 Short Blades
 - Level 4.5 Dodging
 * Level 3.1 Invocations


You had 3 spell levels left.
You didn't know any spells.
Your spell library was empty.

Dungeon Overview and Level Annotations

Branches:
Dungeon (6/15)             Temple (1/1) D:6           Sewer (1/1)

Altars:
Ashenzari
Dithmenos
Gozag
Hepliaklqana
Nemelex Xobeh
Okawaru
Qazlal
Vehumet
Wu Jian
Xom
Zin
Lugonu


Innate Abilities, Weirdness & Mutations

You are very small and have problems with some larger weapons.
You are too small for most types of armour.
You have supernaturally acute eyesight. (SInv)
You cover ground extremely quickly. (Speed+++)


Message History

The adder poisons you!
You closely miss the adder. You punch the adder.
The adder is heavily wounded.
You feel sick. The adder completely misses you.
The frilled lizard bites you but does no damage.
You closely miss the adder.
The adder is heavily wounded.
You feel sick. The adder bites you.
The frilled lizard completely misses you.
You hit the frilled lizard.
You kill the frilled lizard!
Okawaru accepts your kill.
You feel sick. The adder completely misses you.
You hit the adder but do no damage.
The adder is heavily wounded.
You feel sick. The adder bites you.
You are more poisoned.
The adder poisons you!
You hit the adder but do no damage.
The adder is heavily wounded.
You feel sick. The adder closely misses you.
You closely miss the adder.
The adder is heavily wounded.
You feel sick. The adder closely misses you. x2
You feel sick. The adder closely misses you.
You miss the adder.
The adder is moderately wounded.
You feel sick. The adder bites you.
* * * LOW HITPOINT WARNING * * *
You aren't carrying any potions.
Okay, then.
You hit the adder.
The adder is heavily wounded.
You feel sick. The adder bites you.
* * * LOW HITPOINT WARNING * * *
You closely miss the adder.
The adder is heavily wounded.
* * * LOW HITPOINT WARNING * * *
You feel sick. The adder bites you.
You die...

#..~...##
#~#PP~~~~~#
#..~†~~#
#~##~######
.####P~~~##
#~##P~.≈≈≈#
r~~~~PP~.#
#~###P~≈≈≈#
#######P~.########
#######
~~...~.††~~~~~~~~
~..~~~~††.######~
.~.~.~..†~.#
~P..~.~.~@.#
PP~.~~..~S.#
~~~~....~.†~.#
~#..~..~.~~..#
#...P.P~.~~~..
#≈≈~..P..~~.....
#≈≈≈≈≈#.#.~.~~.~
≈≈≈≈≈#≈#≈≈≈.~~.
≈≈≈≈≈#≈ ≈≈≈≈≈≈≈


You could see an adder.

Vanquished Creatures
  2 hounds
  A river rat (Sewer)
  3 adders
  2 dart slugs
  2 ribbon worms (D:3)
  An orc (D:3)
  A bat (D:3)
  3 endoplasms
  A giant cockroach (D:1)
  3 goblins
  A hobgoblin (D:1)
  3 jackals (Sewer)
  3 ball pythons
  3 frilled lizards (Sewer)
  6 rats
35 creatures vanquished.

Notes
Turn   | Place    | Note
-------+----------+-------------------------------------------
     0 | D:1      | Bravepunisher the Spriggan Monk began the quest for the
                  | Orb.
     0 | D:1      | Reached XP level 1. HP: 11/11 MP: 2/2
   135 | D:1      | Found a faded altar of an unknown god.
   193 | D:2      | Reached XP level 2. HP: 16/16 MP: 3/3
   257 | D:4      | Noticed an ogre
   284 | D:5      | Entered Level 5 of the Dungeon
   343 | D:6      | Found a staircase to the Ecumenical Temple.
   352 | Temple   | Entered the Ecumenical Temple
   366 | Temple   | Became a worshipper of Warmaster Okawaru
   366 | Temple   | Reached * piety under Okawaru
   366 | Temple   | Reached ** piety under Okawaru
   392 | D:6      | Reached skill level 1 in Invocations
   392 | D:6      | Reached XP level 3. HP: 9/19 MP: 3/5
   563 | D:2      | Found a hazy altar of Hepliaklqana.
   596 | D:3      | Reached XP level 4. HP: 24/24 MP: 6/6
   814 | D:3      | Identified the +1 robe of Ethereal Wonder {rC+ Int+3}
   834 | D:3      | Found a shadowy altar of Dithmenos.
   933 | D:3      | Found a hazy altar of Hepliaklqana.
  1004 | D:3      | Found a glowing drain.
  1021 | Sewer    | Entered a sewer
  1226 | Sewer    | Slain by an adder

Illustrated notes

Levels and vault maps discovered:
D:1:      saegor_arrival_simple_e, layout_loops_ring, serial_shops,
          nicolae_shop_overgrown_old_shop, shapermc_ecumenical_altar_flowoftime
D:2:      layout_basic, basic_altar, hex_medium
D:3:      layout_rooms, mainiacjoe_overflow_alcove_4,
          lemuel_coloured_pillars_altar, lightli_temple_of_fire,
          cheibrodos_sewer_entry_sluice, minmay_quantized
D:4:      layout_gridville, uniq_ijyb
D:5:      layout_cave_pools, nicolae_elyvilon_peaceful_grove,
          serial_co_window_serial, co_window_of_opportunity_a,
          co_window_cross_1, co_window_paths_a, co_window_paths_a,
          co_window_corner_a, co_window_corner_a, co_window_paths_a,
          co_window_corner_a, co_window_paths_a, co_window_unsneaky_path_c,
          co_window_of_opportunity_c, co_window_corner_b,
          co_window_of_opportunity_b, co_window_2corner,
          co_window_unsneaky_path_e, glass_columns_a, glass_columns_c,
          glass_columns_b, glass_columns_c
D:6:      layout_basic, lemuel_crystal_altar, minmay_temple_entry_antechambers,
          hellmonk_no_cap
Temple:   corrupted_temple
Sewer:    sewer_co_scattered_pipes

Skill      XL: |  1  2  3  4 |
---------------+-------------+-----
Invocations    | 1 2 3 |  3.1
Fighting       | 3 |  3.3
Short Blades   | |  3.5
Dodging        | |  4.5

Action                     |  1- 3 |  4- 6 || total
---------------------------+-------+-------++-------
  Melee: Short sword       |    74 |   116 ||   190
         Punch             |     2 |     6 ||     8
    Use: Potion            |       |     1 ||     1
   Stab: Sleeping          |       |     1 ||     1
 Armour: Robe              |    14 |    36 ||    50
  Dodge: Dodged            |    61 |    98 ||   159

Table legend: (Time is in decaauts)
 A = Elapsed time spent in this place.
 B = Non-inter-level travel time spent in this place.
 C = Inter-level travel time spent in this place.
 D = Time resting spent in this place.
 E = Time spent auto-exploring this place.
 F = Levels seen in this place.
 G = Mean time per level.
                   A        B        C        D        E       F      G
               +--------+--------+--------+--------+--------+-----+--------+
         Total |    911 |    862 |     49 |     32 |    435 |   8 |  113.9 |
       Dungeon |    715 |    674 |     41 |      5 |    386 |   6 |  119.2 |
        Temple |     18 |     11 |      7 |      0 |      0 |   1 |   18.0 |
         Sewer |    177 |    177 |      0 |     27 |     49 |   1 |  177.0 |
               +--------+--------+--------+--------+--------+-----+--------+

Top non-repeatable levels by time:
     D:3: 384 daAuts
   Sewer: 177 daAuts
     D:1: 135 daAuts
     D:6: 76 daAuts
     D:4: 72 daAuts
     D:2: 32 daAuts
  Temple: 18 daAuts
     D:5: 13 daAuts
